 Dungeon Crawl Stone Soup version 0.28-a0-472-g50180c0 (webtiles) character file.

Game seed: 13555374609624898500

91 Illumine the Firebug (level 4, -1/26 (27) HPs)
             Began as a Deep Elf Cinder Acolyte on Sept 14, 2021.
             Was a High Priest of Ignis.
             Slain by a wight (8 damage)
             ... on level 3 of the Dungeon.
             The game lasted 00:03:55 (3887 turns).

Illumine the Firebug (Deep Elf Cinder Acolyte)      Turns: 3887, Time: 00:03:56

HP:   -1/26 (27)    AC:  3    Str: 11    XL:     4   Next: 33%
MP:   11/11         EV: 11    Int: 20    God:    Ignis [*****.]
Gold: 132           SH:  0    Dex: 10    Spells: 6/10 levels left

rFire   + + .      SeeInvis .   p - +3 dagger
rCold   . . .      Faith    .   (no shield)
rNeg    . . .      Spirit   .   b - +0 robe
rPois   .          Reflect  .   (no helmet)
rElec   .          Harm     .   j - +0 cloak
rCorr   .          Rampage  .   (no gloves)
Will    .....                   (no boots)
Stlth   +.........              (no amulet)
HPRegen 0.08/turn               m - ring of protection from fire
MPRegen 0.12/turn               (no ring)

@: lightly drained
A: no striking features
a: Renounce Religion, Sea of Fire, Foxfire Swarm, Rising Flame


You were on level 3 of the Dungeon.
You worshipped Ignis.
Ignis was extremely pleased with you.
You visited 1 branch of the dungeon, and saw 4 of its levels.

You collected 132 gold pieces.

Inventory:

Hand Weapons
 a - a -1 short sword of flaming
 p - a +3 dagger (weapon)
Missiles
 n - 31 poisoned darts (quivered)
Armour
 b - a +0 robe (worn)
 j - a +0 cloak (worn)
Jewellery
 m - a ring of protection from fire (left hand)
Scrolls
 c - 4 scrolls of teleportation {unknown}
 d - a scroll of immolation {unknown}
 e - 2 scrolls of noise {unknown}
 f - 4 scrolls of identify {unknown}
 h - 2 scrolls of fog {unknown}
 o - a scroll of enchant armour {unknown}
Potions
 g - 2 potions of curing {unknown}
 i - a potion of heal wounds {unknown}
 k - a potion of attraction {unknown}
 l - a potion of flight {unknown}


   Skills:
 + Level 2.5 Fighting
 - Level 3.0 Short Blades
 + Level 3.7 Spellcasting
 + Level 1.8 Hexes
 + Level 4.4 Fire Magic


You had 6 spell levels left.
You knew the following spells:

 Your Spells              Type           Power      Damage    Failure   Level
a - Scorch                Fire           42%        2d7       3%          2
b - Slow                  Hex            11%        N/A       10%         2

Your spell library contained the following spells:

 Spells                   Type           Power      Damage    Failure   Level
 Confusing Touch          Hex            11%        N/A       19%         3
 Tukima's Dance           Hex            11%        N/A       19%         3
 Passage of Golubria      Tloc           N/A        N/A       78%         4
 Yara's Violent Unravell  Hex/Tmut       3%         3d4       94%         5


Dungeon Overview and Level Annotations

Branches:
Dungeon (4/15)
 Temple: D:4-7

Altars:
Fedhas
Makhleb

Shops:
D:3 ?


Message History

You now have 132 gold pieces (gained 14).
You see here a ball python corpse.
There is an escape hatch in the floor here.
There is a stone staircase leading down here.
You climb downwards.
Found a stone staircase leading up.
There is a stone staircase leading up here. 3 wights come into view.
There is a stone staircase leading up here.
Casting: Scorch (safe; 3% risk of failure)
Confirm with . or Enter, or press ? or * to list all spells.
Flames lash the wight.
The wight is lightly damaged.
The wight's fire resistance burns away.
Unknown command.
Casting: Scorch (safe; 3% risk of failure)
Confirm with . or Enter, or press ? or * to list all spells.
Flames lash the wight.
The wight is burned terribly!
The wight is moderately damaged.
Unknown command.
The wight is no longer more vulnerable to fire.
You climb upwards.
There is a stone staircase leading down here.
Magic restored.
There is a stone staircase leading down here.
You climb downwards.
The hobgoblin barely misses you. The wight barely misses you.
The hobgoblin misses you.
Found a ring mail and 10 gold pieces.
Found a stone staircase leading up.
There is a stone staircase leading up here.
The wight hits you with a +0 trident.
You feel drained. The wight misses you. The wight completely misses you.
The hobgoblin hits you but does no damage.
You climb upwards.
There is a stone staircase leading down here.
Unknown command.
The wight hits you with a +0 trident.
The wight hits you with a +0 great sword!
* * * LOW HITPOINT WARNING * * *
The wight hits you with a +4 mace!
You die...

#.# #.##..PPP###÷.#.#.#
#.# #.##.PPP......(....
#.# #.#......#####...§≈
#.###.#......'......###
#.....#......###..##.#.
#####.#......###.≈≈##..
##.#########..≈§#...
#.zg.#######.≈§≈####
#.>@.........≈§≈≈§§§
#.zz.#######.≈≈≈§§§§
###### #§§≈≈§≈§§
#.≈≈≈≈≈## #..≈≈≈##.
######.≈≈##.#
#.......##.##
#.........##≈
#......#...≈§


You could see 3 wights and a hobgoblin.

Vanquished Creatures
  4 adders
  2 worms
  A dart slug (D:2)
  An orc (D:3)
  5 ball pythons
  5 endoplasms
  2 giant cockroaches
  4 goblins
  6 hobgoblins
  5 kobolds
  A quokka (D:1)
  2 bats (D:2)
  6 rats
44 creatures vanquished.

Notes
Turn   | Place    | Note
-------+----------+-------------------------------------------
     0 | D:1      | Illumine the Deep Elf Cinder Acolyte began the quest for
                  | the Orb.
     0 | D:1      | Reached XP level 1. HP: 13/13 MP: 5/5
   532 | D:1      | Reached XP level 2. HP: 18/18 MP: 7/7
   535 | D:1      | Learned a level 2 spell: Scorch
   568 | D:1      | Learned a level 2 spell: Slow
  1499 | D:2      | Reached skill level 4 in Fire Magic
  1499 | D:2      | Reached XP level 3. HP: 22/22 MP: 3/9
  2346 | D:2      | Reached skill level 1 in Hexes
  2907 | D:3      | Found a blossoming altar of Fedhas.
  2936 | D:3      | Reached XP level 4. HP: 27/27 MP: 6/11
  3334 | D:3      | Found Librossome's Magic Scroll Emporium.
  3554 | D:3      | Found a burning altar of Makhleb.
  3887 | D:3      | Slain by a wight

Illustrated notes

Levels and vault maps discovered:
D:1:      sevenhm_arrival_forest_fort_small_4, layout_loops_corners
D:2:      wad_pebble_path, layout_basic
D:3:      layout_basic, bloody_makhleb, fedhas_altar_3, serial_shops,
          nicolae_shop_stone, hangedman_decor_push, grunt_decor_junction
D:4:      layout_basic, nzn_overflow_gifts_of_might_and_magic,
          nicolae_wu_jian_immortal_techniques, kennysheep_generic_room_4

Skill      XL: |  1  2  3 |
---------------+----------+-----
Spellcasting   | 2 3 |  3.7
Fire Magic     | 4 |  4.4
Hexes          | 1 |  1.8
Fighting       | |  2.5
Short Blades   | |  3.0

Action                   |  1- 3 |  4- 6 || total
-------------------------+-------+-------++-------
Melee: Short sword       |    37 |       ||    37
       Dagger            |       |     1 ||     1
 Cast: Scorch            |    32 |    15 ||    47
 Stab: Sleeping          |     1 |       ||     1
Armor: Robe              |     6 |     2 ||     8
Dodge: Dodged            |    17 |     6 ||    23

Table legend: (Time is in decaauts)
 A = Elapsed time spent in this place.
 B = Non-inter-level travel time spent in this place.
 C = Inter-level travel time spent in this place.
 D = Time resting spent in this place.
 E = Time spent auto-exploring this place.
 F = Levels seen in this place.
 G = Mean time per level.
                   A        B        C        D        E       F      G
               +--------+--------+--------+--------+--------+-----+--------+
         Total |   3887 |   3706 |    181 |    925 |   2418 |   4 |  971.8 |
       Dungeon |   3887 |   3706 |    181 |    925 |   2418 |   4 |  971.8 |
               +--------+--------+--------+--------+--------+-----+--------+

Top non-repeatable levels by time:
     D:1: 1371 daAuts
     D:3: 1259 daAuts
     D:2: 1245 daAuts
     D:4: 11 daAuts
